 Dungeon Crawl Stone Soup version 0.27.1 (webtiles) character file.

Game seed: 12627355240314852509

411 ZARRMARR the Magician (level 6, -9/32 HPs)
             Began as a Deep Elf Air Elementalist on Sept 1, 2021.
             Was an Initiate of Sif Muna.
             Engulfed by a cloud of steam (10 damage)
             ... on level 4 of the Dungeon.
             The game lasted 00:13:45 (4911 turns).

ZARRMARR the Magician (Deep Elf Air Elementalist)   Turns: 4911, Time: 00:13:46

Health: -9/32      AC:  2    Str: 11    XL:     6   Next: 58%
Magic:  17/18      EV: 14    Int: 22    God:    Sif Muna [......]
Gold:   152        SH:  0    Dex: 21    Spells: 18/19 levels left

rFire    . . .     SeeInvis .   e - +3 hand axe (elec)
rCold    . . .     Faith    .   (no shield)
rNeg     . . .     Spirit   .   a - +0 robe
rPois    .         Reflect  .   (no helmet)
rElec    .         Harm     .   (no cloak)
rCorr    .         Rampage  .   (no gloves)
Will     .....                  (no boots)
Stlth    +++.......             (no amulet)
HPRegen  0.10/turn              j - +6 ring of dexterity
MPRegen  0.16/turn              k - +6 ring of strength

@: attractive
A: no striking features
a: Renounce Religion


You were on level 4 of the Dungeon.
You worshipped Sif Muna.
Sif Muna was noncommittal.
You visited 2 branches of the dungeon, and saw 7 of its levels.

You collected 152 gold pieces.

Inventory:

Hand Weapons
 e - a +3 hand axe of electrocution (weapon)
Armour
 a - a +0 robe (worn)
Jewellery
 j - a +6 ring of dexterity (left hand)
 k - a +6 ring of strength (right hand)
Wands
 i - a wand of flame (18)
 l - a wand of paralysis (8)
 m - a wand of digging (8)
Scrolls
 b - a scroll of teleportation
 c - a scroll of fear
 f - a scroll of brand weapon {unknown}
Potions
 d - 3 potions of attraction
 g - a potion of ambrosia {unknown}
 h - a potion of cancellation {unknown}
 n - a potion of curing {unknown}


   Skills:
 * Level 4.2 Dodging
 + Level 4.1 Stealth
 + Level 7.4 Spellcasting
 - Level 1.1 Conjurations
 + Level 3.6 Air Magic


You had 18 spell levels left.
You knew the following spells:

 Your Spells              Type           Power      Damage    Failure   Level
a - Shock                 Conj/Air       72%        1d7       3%          1

Your spell library contained the following spells:

 Spells                   Type           Power      Damage    Failure   Level
 Static Discharge         Conj/Air       18%        N/A       4%          2
 Swiftness                Air            24%        N/A       5%          3
 Airstrike                Air            12%        N/A       17%         4


Dungeon Overview and Level Annotations

Branches:
Dungeon (6/15)             Temple (1/1) D:4

Altars:
Ashenzari
Cheibriados
Elyvilon
Fedhas
Gozag
Hepliaklqana
Kikubaaqudgha
Makhleb
Nemelex Xobeh
Okawaru
Qazlal
Ru
Sif Muna
Trog
Uskayaw
Vehumet
Wu Jian
Xom
Yredelemnul
Zin
The Shining One

Annotations:
D:4 Grinder
D:5 Blork the orc


Message History

Magic restored.
Found a stone staircase leading up.
Things that are here:
a +0 short sword; 2 poisoned darts; a kobold corpse
There is a stone staircase leading up here.
You climb upwards.
There is a stone staircase leading down here.
Done exploring.
Aiming: Dig
Press: ? - help, Shift-Dir - straight line A granite statue.
The rock shatters into small pieces.
n - a metallic golden potion Done exploring.
There is a stone staircase leading down here.
You climb downwards.
Level annotation: Grinder
There is a stone staircase leading up here.
Casting: Shock (safe; 3% risk of failure)
Confirm with . or Enter, or press ? or * to list all spells.
Okay, then.
The helpless steam dragon fails to defend itself.
You slash the steam dragon!
Lightning courses through the steam dragon!
The steam dragon is severely wounded.
The steam dragon breathes steam at you. The ball of steam hits you!
Ouch! That really hurt!
You hit the steam dragon.
Lightning courses through the steam dragon!
You kill the steam dragon!
Sif Muna accepts your kill.
You are engulfed in a cloud of scalding steam.
* * * LOW HITPOINT WARNING * * *
Your Stealth skill increases to level 4!
Your Spellcasting skill increases to level 7!
It was a potion of attraction.
You feel attractive to monsters.
You are engulfed in a cloud of scalding steam.
You die...

#.. .# #.. .. #..
.# #.. .# #..#.#
#....# #<# #§# #@#
##+# #§# ##...##
#.# ##.....## #.#
##.......## # ..#
#.........#### ...
+.........'...
..###.........####
..............####.
#.#.....## #..


There were no monsters in sight!

Vanquished Creatures
  A steam dragon (D:4)
  A necrophage (D:2)
  A phantom (D:4)
  6 adders
  An adder skeleton (D:4)
  A worm (D:3)
  A dart slug (D:4)
  An orc (D:3)
  7 ball pythons
  11 bats
  5 endoplasms
  A giant cockroach (D:4)
  5 goblins
  7 hobgoblins
  4 jackals (D:2)
  5 quokkas
  3 frilled lizards
  5 kobolds
  9 rats
75 creatures vanquished.

Notes
Turn   | Place    | Note
-------+----------+-------------------------------------------
     0 | D:1      | ZARRMARR the Deep Elf Air Elementalist began the quest for
                  | the Orb.
     0 | D:1      | Reached XP level 1. HP: 10/10 MP: 6/6
   289 | D:1      | Reached XP level 2. HP: 14/15 MP: 2/8
   955 | D:1      | Found a faded altar of an unknown god.
  1075 | D:1      | Reached skill level 4 in Spellcasting
  1278 | D:2      | Reached XP level 3. HP: 19/19 MP: 8/10
  1527 | D:2      | Found a glowing golden altar of the Shining One.
  1538 | D:2      | Noticed a necrophage
  1542 | D:2      | Killed a necrophage
  1543 | D:2      | Reached skill level 5 in Spellcasting
  1543 | D:2      | Reached XP level 4. HP: 24/24 MP: 7/13
  1899 | D:2      | Reached XP level 5. HP: 28/28 MP: 13/15
  2186 | D:3      | Reached skill level 6 in Spellcasting
  3667 | D:4      | Noticed a phantom
  3680 | D:4      | Killed a phantom
  4016 | D:4      | Noticed Grinder
  4134 | D:4      | Reached XP level 6. HP: 32/32 MP: 14/17
  4207 | D:4      | You fall into a shaft and drop 2 floors!
  4215 | D:5      | Entered Level 5 of the Dungeon
  4222 | D:5      | Noticed Blork the orc
  4413 | D:4      | Found a staircase to the Ecumenical Temple.
  4421 | Temple   | Entered the Ecumenical Temple
  4436 | Temple   | Became a worshipper of Ru the Awakened
  4514 | Temple   | Fell from the grace of Ru
  4514 | Temple   | Became a worshipper of Sif Muna the Loreminder
  4906 | D:4      | Noticed a steam dragon
  4910 | D:4      | Killed a steam dragon
  4910 | D:4      | HP: 1/32 [something (15)]
  4911 | D:4      | Reached skill level 7 in Spellcasting
  4911 | D:4      | Engulfed by a cloud of steam

Illustrated notes

Levels and vault maps discovered:
D:1:      amcnicky_arrival_abandoned_market, layout_basic,
          ebering_ecumenical_altar_sacrificial, minivault_14,
          skrybe_limestone_x, minmay_octomino_e4
D:2:      layout_loops_ring, basic_altar, fountainhead
D:3:      layout_loops_ring, minmay_statues_item, grunt_ministairs_6
D:4:      layout_loops_corners, minmay_temple_entry_steel_oval,
          gammafunk_ghost_necromancy, uniq_grinder
D:5:      layout_rooms, nicolae_dithmenos_through_a_glass_darkly,
          amcnicky_mini_pool_medium, uniq_pikel, uniq_blork_the_orc
D:6:      layout_gridville, glass_columns_a
Temple:   regret_index_temple_sigil_plot

Skill      XL: |  1  2  3  4  5  6 |
---------------+-------------------+-----
Dodging        | 3 4 |  4.2
Spellcasting   | 4 5 6 7 |  7.4
Stealth        | 3 4 |  4.1
Conjurations   | |  1.1
Air Magic      | |  3.6

Action                   |  1- 3 |  4- 6 || total
-------------------------+-------+-------++-------
Melee: Hand axe          |     9 |    20 ||    29
 Cast: Shock             |    67 |    80 ||   147
Evoke: Wand              |       |     5 ||     5
  Use: Scroll            |     2 |     1 ||     3
       Potion            |       |     1 ||     1
 Stab: Sleeping          |       |     1 ||     1
Armor: Robe              |     1 |     1 ||     2
Dodge: Dodged            |     8 |    12 ||    20
